 Dungeon Crawl Stone Soup version 0.14-a0-2618-g5301534 (webtiles) character file.

53885 4tharraofdagon the Martial Artist (level 14, -21/121 HPs)
             Began as a Demonspawn Monk on Feb 14, 2014.
             Was a Priest of Cheibriados.
             Demolished by a dire elephant simulacrum (27 damage)
             ... in an ice cave.
             The game lasted 01:36:50 (11057 turns).

4tharraofdagon the Martial Artist (DsMo)           Turns: 11057, Time: 01:36:51

HP -21/121       AC 19     Str 32      XL: 14   Next: 26%
MP  17/27        EV 20     Int 24      God: Cheibriados [***...]
Gold 1627        SH 12     Dex 21      Spells:  8 memorised,  6 levels left

rFire  . . .     SeeInvis .       - Unarmed
rCold  . . .     Clarity  .     G - +3 troll leather armour
rNeg   . . .     Conserve .     D - +0 elf buckler
rPois  .         rCorr    .     W - +1 hat {Int+3}
rElec  .         rRot     .     (no cloak)
SustAb . .       Spirit   .     (no gloves)
rMut   .         Warding  .     k - +0 pair of boots {Stlth+}
Saprov . . .     Stasis   .     K - amulet of faith
MR     +....                    E - +4 ring of strength
                                n - ring of regeneration

@: mighty, very slow, somewhat resistant to hostile enchantments, quite stealthy
A: hooves 1, rough black scales 3, powered by death 2, powered by pain 2, robust
1
a: Bend Time, Temporal Distortion, Renounce Religion


You were in an ice cave.
You worshipped Cheibriados.
Cheibriados was most pleased with you.
You were not hungry.

You visited 3 branches of the dungeon, and saw 18 of its levels.
You also visited: Sewer and Ice Cave.

You collected 3538 gold pieces.
You spent 1911 gold pieces at shops.

Inventory:

Hand weapons
 r - a +0 blowgun
Missiles
 h - 7 steel darts
 F - a throwing net [frayed]
 H - 2 throwing nets (quivered)
Armour
 i - a -2 pair of gloves
 k - a +0 pair of boots of stealth (worn)
 D - a +0 elven buckler (worn)
 G - a +3 troll leather armour (worn)
 W - a +1 hat of intelligence (worn)
Magical devices
 g - a wand of digging (24)
 j - a wand of polymorph (7)
 l - a wand of draining (0)
 o - a wand of lightning (4)
 p - a wand of magic darts (11)
 t - a wand of slowing (11)
 J - a wand of enslavement (7)
 Q - a wand of frost (4)
 T - a wand of confusion (8)
 Y - a wand of fire (0)
Comestibles
 b - 9 bread rations
 m - 2 meat rations
Scrolls
 d - a scroll of noise
 e - 3 scrolls of remove curse
 f - a scroll of immolation
 v - 4 scrolls of enchant weapon I
 I - a scroll of enchant weapon II
 O - a scroll of fog
 P - a scroll of magic mapping
Jewellery
 c - a cursed ring of teleportation
 n - a ring of regeneration (left hand)
 y - an uncursed ring of teleport control
 E - a +4 ring of strength (right hand)
 K - an amulet of faith (around neck)
 N - an uncursed ring of flight
 U - a +4 ring of intelligence
Potions
 a - a potion of heal wounds
 q - a potion of restore abilities {unknown}
Books
 u - a book of War Chants

   Spells                             Type                      Level
   Fire Brand                         Charms/Fire                  2
   Freezing Aura                      Charms/Ice                   2
   *Shroud of Golubria                Charms/Translocation         2
   *Repel Missiles                    Charms/Air                   2
   Poison Weapon                      Charms/Poison                3
   *Regeneration                      Charms/Necromancy            3
 w - a book of Battle

   Spells                             Type                      Level
   *Infusion                          Charms                       1
   *Shroud of Golubria                Charms/Translocation         2
   *Song of Slaying                   Charms                       2
   Spectral Weapon                    Hexes/Charms                 3
   *Regeneration                      Charms/Necromancy            3
 A - a book of Necromancy

   Spells                             Type                      Level
   Pain                               Necromancy                   1
   *Animate Skeleton                  Necromancy                   1
   Lethal Infusion                    Charms/Necromancy            2
   Vampiric Draining                  Necromancy                   3
   *Regeneration                      Charms/Necromancy            3
   Animate Dead                       Necromancy                   4
   Control Undead                     Necromancy                   4
 B - a book of Transfigurations

   Spells                             Type                      Level
   *Stoneskin                         Transmutation/Earth          2
   Ice Form                           Ice/Transmutation            4
   *Statue Form                       Transmutation/Earth          6
   Dragon Form                        Transmutation                7
Magical staves
 L - an uncursed staff of death
 Z - an uncursed staff of air
Miscellaneous
 S - a plain deck of war {the Orb}


   Skills:
 - Level 10.0 Fighting
 - Level 1.0 Armour
 - Level 9.0 Dodging
 - Level 1.7 Stealth
 - Level 3.6 Shields
 - Level 13.0 Unarmed Combat
 - Level 6.2 Spellcasting
 - Level 4.6 Charms
 - Level 5.1 Necromancy
 + Level 4.8 Transmutations
 * Level 7.6 Earth Magic
 - Level 10.0 Invocations
 - Level 3.2 Evocations


You had 6 spell levels left.
You knew the following spells:

 Your Spells              Type           Power        Failure   Level  Hunger
a - Infusion              Chrm           ####..       1%          1    None
b - Song of Slaying       Chrm           ####....     1%          2    None
c - Shroud of Golubria    Chrm/Tloc      ###.......   6%          2    None
d - Regeneration          Chrm/Necr      ####......   3%          3    #......
e - Animate Skeleton      Necr           N/A          1%          1    None
f - Stoneskin             Trmt/Erth      #####.....   1%          2    None
g - Statue Form           Trmt/Erth      #####.....   89%         6    ######.
h - Repel Missiles        Chrm/Air       ###...       6%          2    None


Dungeon Overview and Level Annotations

Branches:
Dungeon (13/16)               Orc (4/4) D:9             Elf (1/3) Orc:3
 Temple: D:4-7         Lair: D:8-11

Altars:
Ashenzari
Cheibriados
Makhleb
Nemelex Xobeh
Okawaru
Sif Muna
Trog
Vehumet
Zin
Beogh

Shops:
D:6 *   D:7 *   D:9 =   D:11 :   Orc:4 *([:

Annotations:
D:2 Terence
D:3 ANGEL


Innate Abilities, Weirdness & Mutations

You have large cloven feet.*
You are completely covered in rough black scales (AC +10, Dex -3).*
You can steal the life force of defeated enemies.
You sometimes gain power by taking damage.
You are robust (+10% HP).


Message History

You can feel time thicken for a moment.
You feel somewhat more hungry.
Unknown command.
Use which ability? (? or * to list)
You can feel time thicken for a moment.
You feel somewhat more hungry.
You can no longer inflict damage on those overly hasty.
Cheibriados reduces the support of your attributes as your movement quickens.
The dire elephant simulacrum tramples you!
* * * LOW HITPOINT WARNING * * *
You focus on the pain.
You feel very mighty all of a sudden.
The dire elephant simulacrum freezes you!
* * * LOW HITPOINT WARNING * * *
You focus on the pain.
You feel mightier all of a sudden.
You hold your ground!
The dire elephant simulacrum trunk-slaps you but does no damage.
Unknown command.
You punch the dire elephant simulacrum! You kick the dire elephant simulacrum.
The dire elephant simulacrum tramples you!
You die...

##.#...#
#.## #§##
#/.#...#
#..## #§##
###...##
##..# ##.#
#..#####
#..# ##.#
#.##
..####.##
##..#
#..###⌠.#
#..###.§##
##.##...#
##..#...#
#...#..#
#.....##
##..#@##
##....#
#####Z##
##..##
##.##.#
#..#
#..#.##
#.##
#...23.#Z##
##.
)$#.zZZ#.#
# #z2.####
##.# ##


You could see a dire elephant simulacrum.

Vanquished Creatures
  An orc warlord (Orc:4)
  Gastronok (D:12)
  A great orb of eyes (D:13)
  Harold (D:11)
  The ghost of ciphuk the Carver, an experienced HEAE of Ashenzari (D:9)
  A centaur warrior (D:13)
  5 orc high priests
  A catoblepas (D:13)
  Nergalle (D:13)
  A deep elf knight (Elf:1)
  6 ice devils
  An unseen horror (D:13)
  A deep elf summoner (Elf:1)
  3 hill giants
  An ice statue (IceCv)
  5 orc knights (Orc:4)
  Pikel (D:6)
  A giant amoeba (D:13)
  2 deep elf conjurers (Elf:1)
  3 manticores
  An orc sorcerer (Orc:4)
  A sixfirhy (Orc:4)
  An octopode (D:10)
  2 cyclopes (D:13)
  2 phoenix simulacra (IceCv)
  A hellwing (Elf:1)
  A golden dragon simulacrum (IceCv)
  5 freezing wraiths (IceCv)
  A merfolk (D:10)
  A blue devil (Elf:1)
  A deep elf priest (Elf:1)
  A giant firefly (shapeshifter) (D:13)
  A spriggan (D:9)
  3 anaconda simulacra (IceCv)
  8 trolls
  2 two-headed ogres
  9 slime creatures
  A shadow (D:13)
  A basilisk (D:13)
  A water elemental (D:13)
  4 wyverns
  8 ugly things (D:13)
  2 ynoxinuls
  4 humans (D:6)
  A trapdoor spider (D:12)
  4 deep elf magi (Elf:1)
  20 yaks
  5 deep elf fighters (Elf:1)
  3 hungry ghosts
  2 dire elephant simulacra (IceCv)
  A hog (D:10)
  4 sharks
  Grum (D:13)
  A steam dragon (D:11)
  A soldier ant (D:13)
  2 wolves (D:13)
  2 hippogriffs
  3 iron troll simulacra (IceCv)
  3 hydra simulacra (IceCv)
  A yellow wasp (D:13)
  26 orc warriors
  A sky beast (D:11)
  4 ice beasts
  17 black bears
  A blink frog zombie (D:13)
  5 giant goldfish
  2 spriggan simulacra (IceCv)
  A crocodile (D:13)
  3 ettin simulacra (IceCv)
  12 ogres
  2 wargs
  A slave (D:6)
  Duvessa (D:4)
  3 gnoll sergeants
  2 big kobolds (D:10)
  11 centaurs
  A water moccasin (D:10)
  5 giant frogs
  A wyvern skeleton (D:10)
  A cyclops skeleton (D:13)
  An eye of draining (D:10)
  A swamp dragon simulacrum (IceCv)
  8 killer bees
  6 jellyfish
  6 wights (D:13)
  3 crimson imps
  Dowan (D:4)
  6 electric eels
  2 yak skeletons (D:12)
  A draconian simulacrum (IceCv)
  A jelly (D:10)
  2 goliath beetles (D:13)
  A gnoll shaman (D:10)
  12 hounds
  18 orc priests
  32 orc wizards
  7 worker ants
  An orange rat (Elf:1)
  2 big fish
  A spectral orc (D:13)
  3 troll simulacra (IceCv)
  A big kobold zombie (D:12)
  A crocodile zombie (D:12)
  An iguana (D:13)
  11 sheep
  5 centaur simulacra (IceCv)
  An ogre zombie (D:6)
  A hound skeleton (D:8)
  A worker ant zombie (D:10)
  3 ogre simulacra (IceCv)
  13 adders
  21 gnolls
  2 giant mites
  9 white imps (IceCv)
  6 green rats
  3 worms
  3 ufetubi (IceCv)
  An adder skeleton (D:6)
  3 giant eyeballs
  3 grey rats
  2 iguana skeletons
  5 giant geckos
  4 oozes
  187 orcs
  17 bats
  A bat zombie (D:7)
  4 giant cockroaches
  25 goblins
  26 hobgoblins
  4 jackals (D:4)
  5 quokkas
  2 ball pythons
  A giant gecko zombie (D:8)
  2 giant newts (D:3)
  A giant spore (D:12)
  A hobgoblin skeleton (D:4)
  28 kobolds
  A kobold skeleton (D:4)
  A kobold zombie (D:3)
  An orc zombie (D:6)
  A quokka skeleton (D:4)
  17 rats
  A rat skeleton (D:5)
  2 rat zombies
  3 ballistomycetes (D:12)
800 creatures vanquished.

Vanquished Creatures (others)
  2 humans (D:6)
  A slave (D:6)
  A gnoll sergeant (D:6)
  21 plants (D:13)
25 creatures vanquished.

Grand Total: 825 creatures vanquished

Notes
Turn   | Place    | Note
--------------------------------------------------------------
     0 | D:1      | 4tharraofdagon, the Demonspawn Monk, began the quest for the Orb.
     0 | D:1      | Reached XP level 1. HP: 18/18 MP: 1/1
    49 | D:1      | Gained mutation: You are partially covered in rough black scales (AC +4, Dex -1). [demonic ancestry]
    49 | D:1      | Reached XP level 2. HP: 8/24 MP: 2/2
    58 | D:1      | Reached skill level 4 in Unarmed Combat
   381 | D:2      | Found a deep blue altar of Sif Muna.
   386 | D:2      | Gained mutation: You can steal the life force of nearby defeated enemies. [demonic ancestry]
   386 | D:2      | Reached XP level 3. HP: 20/29 MP: 3/3
   710 | D:2      | Noticed Terence
   820 | D:3      | HP: 1/29 [poisoned by an adder]
   823 | D:3      | Reached XP level 4. HP: 1/35 MP: 4/4
  1053 | D:3      | Found a glowing silver altar of Zin.
  1053 | D:3      | Noticed an angel
  1129 | D:3      | Gained mutation: You sometimes gain a little power by taking damage. [demonic ancestry]
  1129 | D:3      | Reached XP level 5. HP: 25/41 MP: 5/5
  1297 | D:4      | Noticed Duvessa
  1297 | D:4      | Noticed Dowan
  1407 | D:3      | Reached skill level 1 in Armour
  1429 | D:3      | Reached skill level 5 in Unarmed Combat
  1599 | D:4      | Gained mutation: You are robust (+10% HP). [potion of beneficial mutation]
  1747 | D:4      | Killed Duvessa
  1747 | D:4      | Reached XP level 6. HP: 15/52 MP: 6/6
  1805 | D:4      | Killed Dowan
  1945 | D:4      | Reached skill level 1 in Spellcasting
  1984 | D:4      | Found a bloodstained altar of Trog.
  1984 | D:4      | Found an iron altar of Okawaru.
  2044 | D:5      | Entered Level 5 of the Dungeon
  2149 | D:5      | Gained mutation: You have large cloven feet. [demonic ancestry]
  2149 | D:5      | Reached XP level 7. HP: 55/59 MP: 10/10
  2168 | D:5      | Reached skill level 6 in Unarmed Combat
  2282 | D:6      | Paralysed by a giant eyeball for 2 turns
  2336 | D:6      | Found Faetupou's Assorted Antiques.
  2344 | D:6      | Bought a scroll labeled PNOZEG ITIY for 34 gold pieces
  2344 | D:6      | Bought a scroll labeled YTAS OPPEOKULI for 34 gold pieces
  2450 | D:6      | Noticed Pikel
  2487 | D:6      | Killed Pikel
  2487 | D:6      | Reached skill level 5 in Fighting
  2487 | D:6      | Gained mutation: You sometimes gain power by taking damage. [demonic ancestry]
  2487 | D:6      | Reached XP level 8. HP: 65/68 MP: 12/14
  2489 | D:6      | Noticed a human
  2492 | D:6      | Noticed a human
  2503 | D:6      | Killed a human
  2503 | D:6      | Reached skill level 7 in Unarmed Combat
  2512 | D:6      | Killed a human
  2512 | D:6      | Reached skill level 5 in Dodging
  2528 | D:6      | Noticed a human
  2529 | D:6      | Noticed a human
  2548 | D:6      | Killed a human
  2558 | D:6      | Killed a human
  2568 | D:6      | Noticed a human
  2610 | D:6      | Killed a human
  2650 | D:6      | Noticed a human
  2676 | D:6      | Killed a human
  2676 | D:6      | Reached skill level 8 in Unarmed Combat
  2727 | D:6      | Reached XP level 9. HP: 53/75 MP: 18/18
  2960 | D:6      | Found a glowing drain.
  2964 | Sewer    | Entered a sewer
  3386 | D:7      | Found Icer's General Store.
  3391 | D:7      | Bought a scroll of identify for 24 gold pieces
  3439 | D:7      | Found a snail-covered altar of Cheibriados.
  3447 | D:7      | Became a worshipper of Cheibriados the Contemplative
  3511 | D:7      | Paralysed by a giant eyeball for 3 turns
  3563 | D:7      | Noticed a hill giant
  3572 | D:7      | Killed a hill giant
  3585 | D:7      | Reached skill level 9 in Unarmed Combat
  3725 | D:8      | Learned a level 1 spell: Infusion
  3728 | D:8      | Learned a level 2 spell: Song of Slaying
  3731 | D:8      | Learned a level 2 spell: Shroud of Golubria
  3829 | D:9      | Found Byhos' Jewellery Shoppe.
  3829 | D:9      | Noticed ciphuk's ghost (experienced HEAE)
  3895 | D:9      | Found a sparkling altar of Nemelex Xobeh.
  3939 | D:10     | Entered Level 10 of the Dungeon
  4053 | D:10     | Gained mutation: You can steal the life force of defeated enemies. [demonic ancestry]
  4053 | D:10     | Reached XP level 10. HP: 58/84 MP: 21/21
  4066 | D:10     | Acquired Cheibriados' first power
  4074 | D:10     | Reached skill level 5 in Spellcasting
  4193 | D:10     | Noticed a manticore
  4203 | D:10     | HP: 3/86 [manticore (3)]
  4204 | D:10     | Killed a manticore
  4453 | D:10     | Reached skill level 10 in Unarmed Combat
  4536 | D:10     | Acquired Cheibriados' second power
  4640 | D:10     | Reached skill level 5 in Invocations
  4692 | D:10     | Reached skill level 1 in Evocations
  4773 | D:10     | Noticed a hill giant
  4787 | D:10     | Killed a hill giant
  4918 | D:10     | Reached XP level 11. HP: 75/93 MP: 8/24
  5081 | D:10     | Got a brightly glowing trident {flame}
  5256 | D:10     | Paralysed by a giant eyeball for 4 turns
  5290 | D:10     | Got a slimy bow
  5424 | D:10     | Noticed a manticore
  5442 | D:10     | Killed a manticore
  5572 | D:11     | Learned a level 3 spell: Regeneration
  5763 | D:11     | Got a shimmering dagger
  5788 | D:11     | Reached skill level 11 in Unarmed Combat
  5815 | D:11     | Reached skill level 1 in Charms
  5815 | D:11     | Reached skill level 1 in Necromancy
  5827 | D:11     | Found Xepn's Book Boutique.
  5836 | D:11     | Noticed Harold
  6123 | D:12     | HP: 3/94 [enormous slime creature (67)]
  6144 | D:13     | Acquired Cheibriados' third power
  6264 | D:13     | Learned a level 1 spell: Animate Skeleton
  6444 | D:13     | Noticed Nergalle
  6576 | D:13     | Killed an unseen horror
  6630 | D:13     | Killed Nergalle
  6630 | D:13     | Gained mutation: You are mostly covered in rough black scales (AC +7, Dex -2). [demonic ancestry]
  6630 | D:13     | Reached XP level 12. HP: 81/103 MP: 20/25
  6663 | D:13     | Noticed a giant amoeba
  6663 | D:13     | Noticed a catoblepas
  6668 | D:13     | Killed a giant amoeba
  6685 | D:13     | Killed a catoblepas
  6723 | D:13     | Noticed a great orb of eyes
  6735 | D:13     | Paralysed by a great orb of eyes for 6 turns
  6749 | D:13     | Paralysed by a great orb of eyes for 6 turns
  6870 | D:13     | Noticed Grum
  6878 | D:13     | Killed Grum
  6969 | D:13     | Found a radiant altar of Vehumet.
  7137 | D:13     | Reached skill level 12 in Unarmed Combat
  7382 | D:13     | Killed a great orb of eyes
  7412 | D:13     | Identified a scroll of acquirement
  7442 | D:13     | Noticed a centaur warrior
  7450 | D:13     | Killed a centaur warrior
  7656 | D:12     | Noticed Gastronok
  7669 | D:12     | Killed Gastronok
  7669 | D:12     | Reached skill level 5 in Necromancy
  7804 | D:11     | Killed Harold
  7804 | D:11     | Reached XP level 13. HP: 59/112 MP: 27/27
  7878 | D:11     | Bought a book of Transfigurations for 990 gold pieces
  7883 | D:11     | Learned a level 2 spell: Stoneskin
  7883 | D:11     | Noticed a hill giant
  7891 | D:11     | Killed a hill giant
  7943 | D:11     | Identified the +5,+11 bow of Undoing {venom, +Inv rC+} (You took it off a kobold on level 10 of the Dungeon)
  7944 | D:11     | Identified the cursed -1,-2 dagger of Shix {freeze, Dex+2} (You found it on level 11 of the Dungeon)
  7947 | D:11     | Identified the +5,+7 trident "Ercheufea" {flame, rC+ Str+2 Stlth} (You took it off an orc warrior on level 10 of the Dungeon)
  8016 | D:10     | Noticed an octopode
  8025 | D:10     | Killed an octopode
  8035 | D:10     | Reached skill level 1 in Earth Magic
  8072 | D:10     | Found a shattered altar of Ashenzari.
  8109 | D:10     | Reached skill level 1 in Transmutations
  8247 | D:9      | Killed ciphuk's ghost
  8450 | D:9      | Found a staircase to the Orcish Mines.
  8470 | Orc:1    | Entered Level 1 of the Orcish Mines
  8772 | Orc:2    | Found a burning altar of Makhleb.
  8990 | Orc:3    | Found a staircase to the Elven Halls.
  9352 | Orc:4    | Entered Level 4 of the Orcish Mines
  9502 | Orc:4    | Reached skill level 10 in Invocations
  9563 | Orc:4    | Found a roughly hewn altar of Beogh.
  9567 | Orc:4    | Found Silutiw's General Store.
  9587 | Orc:4    | Bought 2 potions of brilliance for 70 gold pieces
  9587 | Orc:4    | Bought a cursed ring of hunger for 28 gold pieces
  9696 | Orc:4    | Found Hocad's Antique Armour Emporium.
  9696 | Orc:4    | Noticed an orc warlord
  9699 | Orc:4    | Reached skill level 10 in Fighting
  9711 | Orc:4    | Killed an orc warlord
  9712 | Orc:4    | Reached skill level 13 in Unarmed Combat
  9726 | Orc:4    | Bought a pair of glowing boots for 51 gold pieces
  9749 | Orc:4    | Learned a level 6 spell: Statue Form
  9845 | Orc:4    | Found Xah Oced's Book Boutique.
  9871 | Orc:4    | Bought a book of War Chants for 680 gold pieces
  9875 | Orc:4    | Learned a level 2 spell: Repel Missiles
  9886 | Orc:4    | Found Momufuiqou's Antique Weapon Boutique.
  9891 | Orc:4    | Reached skill level 5 in Earth Magic
  9977 | Elf:1    | Entered Level 1 of the Elven Halls
 10134 | Elf:1    | Reached skill level 1 in Shields
 10266 | Elf:1    | Found a frozen archway.
 10293 | Elf:1    | Gained mutation: You are completely covered in rough black scales (AC +10, Dex -3). [demonic ancestry]
 10293 | Elf:1    | Reached XP level 14. HP: 33/121 MP: 23/27
 10314 | IceCv    | Entered an ice cave
 11056 | IceCv    | HP: 5/121 [dire elephant simulacrum (16)]
 11057 | IceCv    | Demolished by a dire elephant simulacrum

Action                   |  1- 3 |  4- 6 |  7- 9 | 10-12 | 13-15 || total
-------------------------+-------+-------+-------+-------+-------++-------
Melee: Unarmed           |   203 |   292 |   472 |   843 |   666 ||  2476
Throw: Dart              |       |     3 |     8 |       |       ||    11
       Throwing net      |       |       |     1 |     3 |       ||     4
 Cast: Infusion          |       |       |       |     1 |     9 ||    10
       Stoneskin         |       |       |       |       |     4 ||     4
       Regeneration      |       |       |       |       |    22 ||    22
       Shroud of Golubri |       |       |       |       |     4 ||     4
Invok: Slouch            |       |       |       |    12 |    21 ||    33
Evoke: Wand              |     1 |       |     4 |    22 |     3 ||    30
  Use: Scroll            |       |     7 |     2 |    15 |    19 ||    43
       Potion            |       |     4 |     2 |    13 |     1 ||    20
 Stab: Sleeping          |     1 |       |       |       |     1 ||     2
       Distracted        |       |       |       |       |     1 ||     1
